 Dungeon Crawl Stone Soup version 0.18-a0-1024-gf1736fb (webtiles) character file.

555 kae the Carver (level 7, -4/57 HPs)
             Began as a Minotaur Fighter on Jan 6, 2016.
             Was an Initiate of Qazlal.
             Slain by an ogre
             ... wielding a +0 giant spiked club
              (13 damage)
             ... on level 4 of the Dungeon on Jan 7, 2016.
             The game lasted 00:05:53 (2972 turns).

kae the Carver (Minotaur Fighter)                   Turns: 2972, Time: 00:05:53

Health: -4/57      AC:  8    Str: 20    XL:     7   Next: 8%
Magic:  6/6        EV:  7    Int:  7    God:    Qazlal [......]
Gold:   187        SH:  9    Dex: 10    Spells: 0 memorised, 6 levels left

rFire  . . .     SeeInvis .     a - +0 long sword
rCold  . . .     Gourm    .     b - +0 scale mail
rNeg   . . .     Faith    .     c - +0 shield
rPois  .         Spirit   .     (helmet restricted)
rElec  .         Dismiss  .     (no cloak)
rCorr  .         Reflect  .     (no gloves)
SustAt .         Harm     .     v - +0 pair of boots
MR     .....     Rnd*Tele +     (no amulet)
Stlth  ..........               (no ring)
                                r - ring of teleportation (curse)

@: not resistant to hostile enchantments, extremely unstealthy
A: retaliatory headbutt, horns 2
a: Renounce Religion, Evoke Teleportation


You were on level 4 of the Dungeon.
You worshipped Qazlal.
Qazlal was noncommittal.
You were hungry.

You visited 2 branches of the dungeon, and saw 6 of its levels.

You collected 187 gold pieces.

Inventory:

Hand Weapons
 a - a +0 long sword (weapon)
Armour
 b - a +0 scale mail (worn)
 c - a +0 shield (worn)
 v - a +0 pair of boots (worn)
Jewellery
 r - a cursed ring of teleportation (left hand)
Wands
 q - a wand of polymorph (0/24)
Scrolls
 k - 2 scrolls of fear
 s - 6 scrolls of identify
 t - a scroll of magic mapping
Potions
 d - a potion of might
 e - a potion of agility
 g - 4 potions of curing
 i - a potion of ambrosia
 j - a potion of invisibility
 l - a potion of resistance
 m - 2 potions of flight
Books
 u - a book of Air

   Spells                             Type                      Level
   a - Shock                          Conjuration/Air              1
   b - Swiftness                      Charms/Air                   2
   c - Repel Missiles                 Charms/Air                   2
   d - Static Discharge               Conjuration/Air              3
   e - Lightning Bolt                 Conjuration/Air              5
Comestibles
 f - 5 bread rations
 n - a beef jerky
 o - 3 fruits


   Skills:
 - Level 3.6 Fighting
 + Level 9.3 Long Blades
 - Level 3.6 Armour
 - Level 3.6 Shields


You had 6 spell levels left.
You didn't know any spells.

Dungeon Overview and Level Annotations

Branches:
Dungeon (5/15)             Temple (1/1) D:4

Altars:
Ashenzari
Cheibriados
Elyvilon
Kikubaaqudgha
Makhleb
Nemelex Xobeh
Okawaru
Qazlal
Sif Muna
Trog
Vehumet
Xom
Yredelemnul
Zin


Innate Abilities, Weirdness & Mutations

You reflexively headbutt those who attack you in melee.
You have a pair of horns on your head.


Message History

You see here an arrow.
There is a stone staircase leading up here.
You start resting.
You hit the ogre. Your headbutt misses the ogre.
The ogre is lightly wounded.
The ogre hits you with a giant spiked club!!
* * * LOW HITPOINT WARNING * * *
You are too injured to fight recklessly!
You are too injured to fight recklessly!
You are too injured to fight recklessly!
You climb upwards.
There is a stone staircase leading down here.
You slash the ogre! You headbutt the ogre!
The ogre is almost dead.
The ogre hits you with a giant spiked club!
* * * LOW HITPOINT WARNING * * *
Drink which item? (? for menu, Esc to quit)
You feel better.
The ogre hits you with a giant spiked club!
You die...

#..# #.#................... ##.>#
#.##.##..############# #...#
#.##.##..## # #..## #.##.##...##
# #..#########.##.##....## #
#...............##.....##########
....########............#........
#.#.# ###.O##...............
#.#.# #..@......###.###### #.#.#
#######.#.# #.# #.#.# #.#.# #.#
#.#.# #.#.# #.# #.#.# #.#.# #.#
#.#.# ###.#.# #.# #.#.#
#.....###.###### #.#.# #######
#............... ..#.# #.....#
#......##.######


You could see an ogre.

Vanquished Creatures
  2 phantoms (D:4)
  2 ogres (D:4)
  A hound (D:4)
  A jelly (D:5)
  An orc priest (D:3)
  A worker ant (D:4)
  2 adders
  4 worms
  4 giant geckos
  5 orcs
  7 giant cockroaches
  9 goblins
  5 hobgoblins
  4 jackals (D:3)
  7 kobolds
  2 quokkas (D:4)
  A ball python (D:1)
  4 bats
  7 giant newts
  9 rats
78 creatures vanquished.

Notes
Turn   | Place    | Note
--------------------------------------------------------------
     0 | D:1      | kae the Minotaur Fighter began the quest for the Orb.
     0 | D:1      | Reached XP level 1. HP: 19/19 MP: 0/0
   131 | D:1      | Reached XP level 2. HP: 26/26 MP: 1/1
   530 | D:1      | Reached skill level 4 in Long Blades
   716 | D:2      | Reached XP level 3. HP: 28/31 MP: 2/2
   717 | D:2      | Upgraded the game from 0.18-a0-1014-g3bbf375 to 0.18-a0-1024-gf1736fb
  1247 | D:3      | Reached skill level 5 in Long Blades
  1247 | D:3      | Reached XP level 4. HP: 18/39 MP: 3/3
  1648 | D:3      | Found a bloodstained altar of Trog.
  1991 | D:4      | Noticed an ogre
  1992 | D:4      | Noticed a wasp
  1992 | D:4      | an ogre changed into a wasp
  2014 | D:3      | Reached skill level 6 in Long Blades
  2099 | D:4      | Reached XP level 5. HP: 34/45 MP: 4/4
  2125 | D:4      | Noticed an ogre
  2132 | D:4      | Killed an ogre
  2132 | D:4      | Reached skill level 7 in Long Blades
  2193 | D:4      | Noticed an ogre
  2193 | D:4      | a scorpion changed into an ogre
  2206 | D:4      | Killed an ogre
  2206 | D:4      | Reached skill level 8 in Long Blades
  2206 | D:4      | Reached XP level 6. HP: 28/51 MP: 5/5
  2559 | D:4      | Reached skill level 9 in Long Blades
  2559 | D:4      | Reached XP level 7. HP: 41/57 MP: 6/6
  2590 | D:4      | Found a staircase to the Ecumenical Temple.
  2600 | Temple   | Entered the Ecumenical Temple
  2641 | Temple   | Became a worshipper of Qazlal Stormbringer
  2946 | D:5      | Entered Level 5 of the Dungeon
  2972 | D:4      | Slain by an ogre

Vault maps used:
D:1:      dpeg_arrival_rooms_with_view, kennysheep_small_spiral
D:3:      marbit_many_paths
D:4:      minmay_temple_entry_hall, first_bread
D:5:      lemuel_doored_altar, serial_shops, shop, uniq_pikel
Temple:   nicolae_temple_god_jail

Action                   |  1- 3 |  4- 6 |  7- 9 || total
-------------------------+-------+-------+-------++-------
Melee: Long sword        |   104 |   122 |    10 ||   236
Evoke: Wand              |       |     3 |       ||     3
  Use: Scroll            |     9 |     3 |     1 ||    13
       Potion            |     1 |     1 |     1 ||     3
  Eat: Chunk             |     1 |     5 |       ||     6
